 Dungeon Crawl Stone Soup version 0.30-a0-824-g6c64550be9 (webtiles) character file.

Game seed: 14458213258327402763

84 cforsyth the Sneak (level 4, -2/28 HPs)
             Began as a Kobold Brigand on Feb 28, 2023.
             Slain by a gnoll
             ... wielding a +0 whip
              (6 damage)
             ... on level 1 of the Dungeon.
             The game lasted 00:02:16 (1734 turns).

cforsyth the Sneak (Kobold Brigand)                 Turns: 1734, Time: 00:02:16

Health: -2/28      AC:  4    Str:  8    XL:     4   Next: 74%
Magic:  4/4        EV: 15    Int: 12    God:
Gold:   62         SH:  0    Dex: 18    Spells: 3/3 levels left

rFire   . . .      SeeInvis .    a - +2 dagger
rCold   . . .      Faith    .    (no shield)
rNeg    . . .      Spirit   .    b - +0 robe
rPois   .          Reflect  .    (no helmet)
rElec   .          Harm     .    c - +0 cloak
rCorr   .          Rampage  .    (no gloves)
Will    .....                    l - +0 pair of boots
Stlth   ++++                     (no amulet)
HPRegen 0.24/turn                (no ring)
MPRegen 0.09/turn                (no ring)

@: no status effects
A: small, no large weapons, nightstalker 3
a: no special abilities


You were on level 1 of the Dungeon.
You visited 1 branch of the dungeon, and saw 2 of its levels.

You collected 62 gold pieces.

Inventory:

Hand Weapons
 a - a +2 dagger (weapon)
Missiles
 d - 9 poisoned darts (quivered)
 e - 3 curare-tipped darts
 g - a throwing net
Armour
 b - a +0 robe (worn)
 c - a +0 cloak (worn)
 l - a +0 pair of boots (worn)
Scrolls
 f - 2 scrolls of noise {unknown}
 h - a scroll of immolation {unknown}
 i - a scroll of butterflies {unknown}
 k - a scroll of enchant armour {unknown}
 m - 2 scrolls of fear {unknown}
 n - a scroll of fog {unknown}
 o - a scroll of amnesia {unknown}
 p - a scroll of silence {unknown}
 q - a scroll of poison {unknown}
Potions
 j - a potion of brilliance {unknown}
 r - 2 potions of heal wounds {unknown}


   Skills:
 + Level 3.1 Fighting
 + Level 3.8 Short Blades
 - Level 2.1 Throwing
 + Level 2.5 Dodging
 + Level 6.1 Stealth


You had 3 spell levels left.
You didn't know any spells.
Your spell library contained the following spells:

 Spells                   Type           Power      Damage    Failure   Level
 Ignite Poison            Fire/Tmut/Pois 0%         N/A       69%         3
 Sticky Flame             Conj/Fire      0%         2d3       97%         4
 Ignition                 Fire           0%         3d3       100%        8


Dungeon Overview and Level Annotations

Branches:
Dungeon (2/15)

Altars:

Shops:
D:1 [


Innate Abilities, Weirdness & Mutations

You are small and have problems with some larger weapons.
You are completely attuned to the shadows.


Message History

The ball python grabs you. The ball python constricts you.
You escape the ball python's grasp.
The gnoll attacks as you move away! The gnoll misses you.
The ball python attacks as you move away!
The ball python misses you. The ball python barely misses you.
The gnoll attacks as you move away! The gnoll hits you with a +0 whip.
The ball python misses you. The ball python grabs you.
The ball python constricts you.
You escape the ball python's grasp.
The gnoll attacks as you move away! The gnoll hits you with a +0 whip.
There is a stone staircase leading up here.
The gnoll hits you with a +0 whip.
* * * LOW HITPOINT WARNING * * *
You climb upwards.
There is a stone staircase leading down here.
You hit the gnoll.
The gnoll is lightly wounded.
The gnoll hits you with a +0 whip.
* * * LOW HITPOINT WARNING * * *
You barely miss the gnoll.
The gnoll is lightly wounded.
The gnoll hits you but does no damage.
You hit the gnoll.
The gnoll is moderately wounded.
The gnoll barely misses you.
You hit the gnoll but do no damage.
The gnoll is moderately wounded.
The gnoll completely misses you.
You hit the gnoll.
The gnoll is moderately wounded.
You hit the gnoll.
The gnoll is heavily wounded.
The gnoll misses you.
You hit the gnoll.
The gnoll is heavily wounded.
The gnoll barely misses you.
You hit the gnoll.
The gnoll is severely wounded.
The gnoll hits you with a +0 whip.
You die...

##### ##...## ############
#.....####...........
#..........#######.##
#....g####.# ##.## ##..@## #.#
##...# ###########.## #.#
##..... #............# #.#
#...... #.#########..#
#.#####..... #.######
#..#####...........
#.##...####..................
#.##................####.#.#.
#..#.........................
###..........##.#####.###..#...


You could see a gnoll.

Vanquished Creatures
  An adder (D:2)
  A worm (D:2)
  2 dart slugs (D:1)
  7 ball pythons
  7 endoplasms
  3 giant cockroaches
  3 goblins
  11 hobgoblins
  4 jackals (D:2)
  3 kobolds
  4 quokkas
  5 bats
  6 frilled lizards
  3 rats (D:1)
60 creatures vanquished.

Notes
Turn   | Place    | Note
-------+----------+-------------------------------------------
     0 | D:1      | cforsyth the Kobold Brigand began the quest for the Orb.
     0 | D:1      | Reached XP level 1. HP: 12/12 MP: 1/1
    74 | D:1      | Reached XP level 2. HP: 9/18 MP: 2/2
   336 | D:1      | Reached XP level 3. HP: 22/22 MP: 3/3
   454 | D:1      | Found Comeur's Armour Shop.
  1026 | D:2      | Reached XP level 4. HP: 27/27 MP: 4/4
  1064 | D:2      | Reached skill level 6 in Stealth
  1734 | D:1      | Slain by a gnoll

Illustrated notes

Levels and vault maps discovered:
D:1:      amcnicky_arrival_single_pillar, layout_loops_ring, serial_shops,
          nicolae_shop_stone, serial_glass, glass_columns_b, glass_columns_a,
          due_unseen_surprise, feat_on_display, minmay_split_cup_large
D:2:      layout_basic, grunt_decor_resistance, mrwooster_statue_mirror,
          st_stairs_13, minivault_23

Skill      XL: |  1  2  3  4 |
---------------+-------------+-----
Short Blades   | 3 |  3.8
Dodging        | 2 |  2.5
Fighting       | 3 |  3.1
Stealth        | 6 |  6.1
Throwing       | |  2.1

Action                     |  1- 3 |  4- 6 || total
---------------------------+-------+-------++-------
  Melee: Dagger            |    94 |    73 ||   167
   Stab: Sleeping          |    20 |    10 ||    30
 Armour: Robe              |    12 |    17 ||    29
  Dodge: Dodged            |    51 |    70 ||   121

Table legend: (Time is in decaauts)
 A = Elapsed time spent in this place.
 B = Non-inter-level travel time spent in this place.
 C = Inter-level travel time spent in this place.
 D = Time resting spent in this place.
 E = Time spent auto-exploring this place.
 F = Levels seen in this place.
 G = Mean time per level.
                   A        B        C        D        E       F      G
               +--------+--------+--------+--------+--------+-----+--------+
         Total |   1705 |   1672 |     33 |    129 |   1171 |   2 |  852.5 |
       Dungeon |   1705 |   1672 |     33 |    129 |   1171 |   2 |  852.5 |
               +--------+--------+--------+--------+--------+-----+--------+

Top non-repeatable levels by time:
     D:1: 1015 daAuts
     D:2: 690 daAuts
